 Dungeon Crawl Stone Soup version 0.16.1-16-gc44b35d (webtiles) character file.

186 Thalios the Skirmisher (level 5, -4/37 HPs)
             Began as a Gargoyle Fighter on Apr 20, 2015.
             Killed from afar by an orc wizard (6 damage)
             ... with a puff of frost
             ... on level 4 of the Dungeon.
             The game lasted 00:06:44 (3110 turns).

Thalios the Skirmisher (Gargoyle Fighter)           Turns: 3110, Time: 00:06:44

Health: -4/37      AC: 10    Str: 20    XL:     5   Next: 65%
Magic:  5/5        EV:  7    Int:  9    God:
Gold:   148        SH:  9    Dex:  9    Spells: 0 memorised, 4 levels left

rFire  . . .     SeeInvis .     a - +0 flail
rCold  . . .     Clarity  .     b - +0 scale mail
rNeg   + . .     SustAb   .     c - +0 shield
rPois  ∞         Gourm    +     (no helmet)
rElec  +         Spirit   .     (no cloak)
rCorr  .         Warding  .     (no gloves)
rMut   .         Stasis   .     (no boots)
MR     .....                    h - amulet of the gourmand
Stlth  ..........               (no ring)
                                (no ring)

@: not resistant to hostile enchantments, extremely unstealthy
A: negative energy resistance 1, electricity resistance, unbreathing,
petrification resistance, rot immunity, AC +4
a: no special abilities


You were on level 4 of the Dungeon.
You were not hungry.

You visited 1 branch of the dungeon, and saw 4 of its levels.

You collected 148 gold pieces.

Inventory:

Hand weapons
 a - a +0 flail (weapon)
 y - a +0 dire flail
Missiles
 q - 19 bolts
Armour
 b - a +0 scale mail (worn)
 c - a +0 shield (worn)
 z - a +0 chain mail
Jewellery
 h - an amulet of the gourmand (around neck)
Scrolls
 f - 3 scrolls of identify {unknown}
 i - a scroll of magic mapping {unknown}
 j - 2 scrolls of teleportation {unknown}
 k - a scroll of enchant armour {unknown}
 l - a scroll of fear {unknown}
 n - 2 scrolls of enchant weapon {unknown}
 r - 2 scrolls of remove curse {unknown}
 w - 2 scrolls of amnesia {unknown}
 x - a scroll of noise {unknown}
Potions
 e - 2 potions of might
 m - a potion of magic
 p - a potion of cancellation
 t - a potion of curing {unknown}
 u - a potion of degeneration {unknown}
Comestibles
 d - 2 bread rations
 g - a meat ration
 o - 2 royal jellies
 s - a slice of pizza
 v - a beef jerky
 A - a chunk of flesh


   Skills:
 * Level 6.7 Fighting
 - Level 2.0 Maces & Flails
 - Level 3.2 Armour
 - Level 3.2 Shields


You had 4 spell levels left.
You didn't know any spells.

Dungeon Overview and Level Annotations

Branches:
Dungeon (4/15)
 Temple: D:4-7

Altars:
Cheibriados
Elyvilon


Innate Abilities, Weirdness & Mutations

You are resistant to torment.
You are immune to poison.
Your stone body is very resilient (AC +4).
You resist negative energy.
You are resistant to electric shocks.
You can survive without breathing.
You are immune to petrification.
You are immune to rotting.


Message History

You block the orc's attack. Something hits you but does no damage.
The orc wizard closely misses you.
You miss something. You block the orc's attack.
Something hits you but does no damage.
The orc wizard hits you but does no damage.
The orc hits you but does no damage. Something hits you.
* * * LOW HITPOINT WARNING * * *
You hit something but do no damage.
The orc wizard hits you but does no damage.
The orc wizard hits you with a dagger.
* * * LOW HITPOINT WARNING * * *
The orc hits you but does no damage. Something hits you but does no damage.
You block the orc wizard's attack.
You miss something.
The orc wizard hits you but does no damage.
You block the orc's attack. Something hits you but does no damage.
You closely miss something. The orc wizard casts a spell at you.
The puff of frost hits you!
You die...

#..###.## # #####
#.#.#.##
#.#...#######.##.##
#.##.#...........##.#
.........###).......#
..............########
#.#####.######
#.......# ######{@#
#oo# #..# #..# #..#
.... #..# #..# ..#


You could see an orc wizard and an orc.

Vanquished Creatures
  2 adders (D:2)
  3 gnolls (D:3)
  7 worms
  2 giant geckos
  An ooze (D:1)
  6 orcs
  8 bats
  5 giant cockroaches
  8 goblins
  8 hobgoblins
  2 ball pythons (D:2)
  A ball python skeleton (D:3)
  6 giant newts
  5 jackals
  10 kobolds
  11 rats
85 creatures vanquished.

Notes
Turn   | Place    | Note
--------------------------------------------------------------
     0 | D:1      | Thalios, the Gargoyle Fighter, began the quest for the Orb.
     0 | D:1      | Reached XP level 1. HP: 14/14 MP: 1/1
   248 | D:1      | Reached XP level 2. HP: 20/20 MP: 2/2
   293 | D:1      | Reached skill level 4 in Fighting
   624 | D:1      | Reached XP level 3. HP: 24/24 MP: 3/3
  1244 | D:2      | Reached skill level 5 in Fighting
  1524 | D:2      | Reached XP level 4. HP: 31/31 MP: 4/4
  1637 | D:2      | Found a snail-covered altar of Cheibriados.
  2013 | D:2      | Reached skill level 6 in Fighting
  2176 | D:2      | Reached XP level 5. HP: 36/36 MP: 5/5
  2894 | D:4      | Found a white marble altar of Elyvilon.
  3110 | D:4      | Killed from afar by an orc wizard

Action                   |  1- 3 |  4- 6 || total
-------------------------+-------+-------++-------
Melee: Flail             |   145 |   193 ||   338
  Use: Potion            |       |     2 ||     2
  Eat: Chunk             |     2 |     6 ||     8
